Unix NetHack Version 5.0.0-0 post-release - last build Jun 10 2026 00:39:30 (3ee93aec679c4c4259841fe613dc97188e26a321,branch:main).

Game began 2026-06-30 01:01:27, ended 2026-06-30 05:38:45.

JohnDarcy, neutral male human Tourist

                          -----            -------
                          |...------     --|$.$$ |
                          |........|     |.+.$[$ |
                          |........|     |-|..%%%|--
                          -------.----   |.  .%.q-c|
                           |.........--  |-|..%..|@|
                           |..........|  |?-.....|.|
                           |..........|  --|. ...|.|
                          -----.--------   ------|.|
                          |............|         |.|
                          |.........``%|         |.|
                          --------.----|         |.|
                           |...........|         |.|
                           |....%......|         |.|
                          -------.------         |.|
                          |.......----------------.|
                          |>......^.......%.......%|
                          --------------------------
JohnDarcy the Excursionist  St:25 Dx:14 Co:17 In:12 Wi:7 Ch:18  Neutral
Dlvl:5  $:6684 HP:0(89) Pw:41(41) AC:-7 Xp:9 T:11739  Stone

Latest messages:
 The winter wolf breathes frost!
 The snake is killed by the blast of frost!
 The blast of frost hits you!
 The mumak misses it.
 The mumak bites it.
 The mumak butts it.
 The mumak bites it.
 The winter wolf bites the mumak.
 The mumak misses the winter wolf.
 The mumak misses the winter wolf.
 The winter wolf misses the mumak.
 The mumak misses the winter wolf.
 The mumak bites the winter wolf.
 The winter wolf bites the mumak.
 The mumak butts the winter wolf.
 The winter wolf is killed!
 The mumak butts it.
 The mumak turns to stone!
 You hear a sound reminiscent of an elephant stepping on a peanut.
 The cockatrice bites it.
 The cockatrice touches it.
 What do you want to zap? [IPWX or ?*] I
 In what direction? 7
 The sleep ray hits the cockatrice.
 What do you want to throw? [$a or ?*] a
 In what direction? 8
 The dart hits the cockatrice!
 The cockatrice misses!
 The cockatrice touches you!
 You hear the cockatrice's hissing!
 You are slowing down.
 What do you want to throw? [$a or ?*] a
 In what direction? 8
 The dart hits the cockatrice!
 The cockatrice bites!
 The cockatrice misses!
 Your limbs are stiffening.
 The cockatrice bites!
 The cockatrice touches you!
 Your limbs have turned to stone.
 Your movements are now unencumbered.
 You have turned to stone.
 The cockatrice misses!
 The cockatrice just misses!
 You are a statue.
 Do you want your possessions identified? [ynq] (y) y
 Do you want to see your attributes? [ynq] (y) y
 Do you want an account of creatures vanquished? [ynaq] (y) y
 Do you want to see your conduct and achievements? [ynq] (y) y
 Do you want to see the dungeon overview? [ynq] (y) y

Inventory:
 Coins    ('$')
  $ - 6684 gold pieces
 Weapons  (')')
  a - 3 +2 darts (at the ready)
  s - the +0 Sting (weapon in right hand)
 Armor    ('[')
  B - an uncursed rusty +3 orcish helm (being worn)
  y - an uncursed +2 pair of gauntlets of power (being worn)
  w - an uncursed +0 pair of jumping boots (being worn)
  T - a blessed +0 Uruk-hai shield (being worn)
  z - an uncursed +0 cloak of protection (being worn)
  n - a blessed +1 elven cloak
  l - an uncursed +0 Hawaiian shirt with a sea turtle motif (being worn)
  F - an uncursed +0 banded mail (being worn)
 Comestibles  ('%')
  M - an uncursed Pineapple
  N - an uncursed carrot
  t - 2 uncursed food rations
  E - 5 uncursed food rations
  O - an uncursed pear
  U - 3 uncursed tripe rations
  i - an uncursed lizard corpse
 Scrolls  ('?')
  u - an uncursed scroll of blank paper
  q - 2 uncursed scrolls of create monster
  L - 2 uncursed scrolls of earth
  Y - an uncursed scroll of genocide
 Rings    ('=')
  J - a blessed +2 ring of adornment
  m - an uncursed ring of conflict (on right hand)
  S - a cursed -1 ring of gain constitution
  V - a cursed -1 ring of gain strength
  K - an uncursed ring of teleport control
 Wands    ('/')
  X - a wand of cancellation (0:3)
  W - a wand of secret door detection (0:8)
  I - a wand of sleep (0:6)
  P - a wand of teleportation (0:6)
 Tools    ('(')
  b - an uncursed blindfold
  c - an expensive camera (0:59)
  v - an uncursed leash
  o - an uncursed skeleton key

JohnDarcy the Tourist's attributes:

Background:
 You were an Excursionist, a level 9 male human Tourist.
 You were neutral, on a mission for The Lady
 who was opposed by Blind Io (lawful) and Offler (chaotic).
 You were right-handed.
 You were in Sokoban, on level 5.
 You entered the dungeon 11739 turns ago.
 It was nighttime.
 There was a full moon in effect when your adventure ended.
 You had 4975 experience points, 145 more were needed to attain level 10.

Basics:
 You had 0 out of 89 hit points.
 You had all 41 energy points (spell power).
 Your armor class was -7.
 Your wallet contained 6684 zorkmids.
 Autopickup was off.

Final Characteristics:
 Your strength was 25 (base:13, innate limit:18/100).
 Your dexterity was 14 (limit:18).
 Your constitution was 17 (limit:18).
 Your intelligence was 12 (limit:18).
 Your wisdom was 7 (peak:10, limit:18).
 Your charisma was 18 (limit:18).

Final Status:
 You turned into stone.
 You weren't hungry.
 You were unencumbered.
 You were wielding a dagger.
 You were skilled in dagger.

Final Attributes:
 You were piously aligned.
 You were telepathic.
 You were aware of the presence of orcs.
 You caused conflict.
 You could jump.
 You were protected.
 You were lucky.
 You are dead.

Miscellaneous:
 You didn't encounter any bones levels.
 Total elapsed playing time was 3 hours, 38 minutes and 11 seconds.

Major events:
 Turn
    1: JohnDarcy the neutral male human Tourist entered the dungeon
 1384: attained the rank of Sightseer (level 3)
 1449: entered the Gnomish Mines
 3949: attained the rank of Excursionist (level 6)
 4439: reached Mine Town
 6476: chose a runed dagger to be named "Sting"
 9463: entered Sokoban
 9679: completed 1st Sokoban level
 9926: completed 2nd Sokoban level
10370: completed 3rd Sokoban level
11612: completed 4th Sokoban level
11739: petrified by a cockatrice

You didn't know any spells.

Skills:
 Fighting Skills
   bare handed combat [Unskilled]
   two weapon combat  [Unskilled]
   riding             [Unskilled]
 Weapon Skills
   dagger             [Skilled]
   knife              [Unskilled]
   axe                [Unskilled]
   pick-axe           [Unskilled]
   short sword        [Unskilled]
   broadsword         [Unskilled]
   long sword         [Unskilled]
   two-handed sword   [Unskilled]
   saber              [Unskilled]
   mace               [Unskilled]
   morning star       [Unskilled]
   flail              [Unskilled]
   hammer             [Unskilled]
   quarterstaff       [Unskilled]
   polearms           [Unskilled]
   spear              [Unskilled]
   trident            [Unskilled]
   lance              [Unskilled]
   bow                [Unskilled]
   sling              [Unskilled]
   crossbow           [Unskilled]
   dart               [Skilled]
   shuriken           [Unskilled]
   boomerang          [Unskilled]
   whip               [Unskilled]
   unicorn horn       [Unskilled]
 Spellcasting Skills
   divination spells  [Unskilled]
   enchantment spells [Unskilled]
   escape spells      [Unskilled]

Voluntary challenges:
 Character rerolling was not enabled.
 You never genocided any monsters.
 You never polymorphed an object.
 You never changed form.
 You used no wishes.
 You did not violate any of the special Sokoban rules.
Achievements:
 You entered a shop.
 You attained the rank of Sightseer.
 You entered the Gnomish Mines.
 You attained the rank of Excursionist.
 You entered Minetown.
 You entered a temple.
 You entered Sokoban.

 The Dungeons of Doom: levels 1 to 9
    Level 1:
       A fountain.
    Level 2:
       An armor shop.
    Level 3:
       An armor shop.
    Level 4:
       A sink.
       Stairs down to The Gnomish Mines.
    Level 5:
       A potion shop.
    Level 6:
    Level 7:
    Level 8:
    Level 9:
       A fountain.
       Stairs up to Sokoban, level 8.
 The Gnomish Mines: levels 5 to 8
    Level 5:
    Level 6:
    Level 7:
       Many shops, a temple and an altar, many fountains.
    Level 8:
 Sokoban: levels 8 up to 5
    Level 5: <- You were here.
       Solved.
       Final resting place for
          you, petrified by a cockatrice.
    Level 6:
       Solved.
    Level 7:
       Solved.
    Level 8:
       Solved.


Vanquished creatures:
  a watch captain
  3 giant mimics
 an elven monarch
  3 couatls
  a stalker
 an earth elemental
  a warg
  a winter wolf
  a small mimic
  3 xans
 an ettin mummy
  a freezing sphere
  2 tigers
  a tengu
  2 watchmen
  a giant beetle
  a winter wolf cub
  a lynx
  2 panthers
  a spotted jelly
  3 leprechauns
 an orc-captain
 an iron piercer
  a mumak
  a horse
  a black light
  2 gnome rulers
  a dwarf mummy
 an owlbear
  2 yetis
  4 lizards
  a dog
  2 housecats
  a jaguar
  a dwarf leader
  a white unicorn
  a dust vortex
  a raven
  a gnome mummy
  a snake
 an ape
  a Woodland-elf
  a wood nymph
  2 water nymphs
  9 Mordor orcs
  9 Uruk-hai
  a rock piercer
  a rock mole
  3 fog clouds
  3 yellow lights
  3 violet fungi
  7 gnome leaders
  3 gnomish wizards
  2 gray oozes
  a barrow wight
  3 elf zombies
  a straw golem
  a paper golem
  a baby crocodile
  5 giant ants
  7 floating eyes
  a kitten
 11 dwarves
  4 homunculi
  a kobold leader
  a hill orc
  5 rothes
  2 rabid rats
  a centipede
  a giant bat
  2 monkeys
 an orc zombie
  4 dwarf zombies
  2 wererats
  2 werejackals
  6 iguanas
  a killer bee
 an acid blob
  a coyote
  a gas spore
  5 hobbits
  4 hobgoblins
  9 giant rats
  5 cave spiders
  a yellow mold
  a green mold
  4 red molds
 25 gnomes
  2 garter snakes
  2 gnome zombies
  8 geckos
 17 jackals
  a fox
  2 kobolds
  4 goblins
  a sewer rat
  6 grid bugs
  3 lichens
  5 kobold zombies
 12 newts
287 creatures vanquished.

No species were genocided or became extinct.

Game over:
                       ----------
                      /          \
                     /    REST    \
                    /      IN      \
                   /     PEACE      \
                  /                  \
                  |    JohnDarcy     |
                  |     6684 Au      |
                  |  petrified by a  |
                  |    cockatrice    |
                  |                  |
                  |                  |
                  |       2026       |
                 *|     *  *  *      | *
        _________)/\\_//(\/(/\)/\//\/|_)_______

Aloha JohnDarcy the Tourist...

You turned to stone in Sokoban on dungeon level 5 with 22583 points,
and 6684 pieces of gold, after 11739 moves.
You were level 9 with a maximum of 89 hit points when you turned to stone.

